 Dungeon Sprint DCSS version 0.21-a0-338-g36cf2fc (webtiles) character file.

4754 Kidiri the Warrior (level 10, -2/105 HPs)
             Began as a Green Draconian Berserker on Oct 3, 2017.
             Was a High Priest of Trog.
             Killed from afar by Harold (23 damage)
             ... with a bolt of fire
             ... in the Dungeon (Sprint VII: "The Pits").
             The game lasted 00:06:40 (1487 turns).

Kidiri the Warrior (Green Draconian Berserker)      Turns: 1487, Time: 00:06:40

Health: -2/105     AC: 10    Str: 21    XL:     10   Next: 23%
Magic:  10/10      EV: 22    Int:  8    God:    Trog [*****.]
Gold:   0          SH:  0    Dex: 10    Spells: 9/9 levels left

rFire    . . .     SeeInvis .   a - +2 war axe (chop)
rCold    + . .     Gourm    .   (no shield)
rNeg     . . .     Faith    .   (armour unavailable)
rPois    +         Spirit   .   (helmet restricted)
rElec    .         Reflect  .   (no cloak)
rCorr    .         Harm     .   v - +0 pair of gloves
MR       .....     NoTele   +   u - +0 pair of boots
Stlth    +.........             (no amulet)
HPRegen  0.27/turn              i - +3 ring of evasion
MPRegen  0.12/turn              r - +3 ring of evasion

@: short of breath, berserk cooldown
A: breathe noxious fumes, unfitting armour, blurry vision 1, clumsy 1, cold
resistance 1, poison resistance, shaggy fur 1, cold-blooded, AC +7
a: Breathe Noxious Fumes, Berserk, Trog's Hand, Brothers in Arms, Burn
Spellbooks, Renounce Religion


You were in the Dungeon.
You worshipped Trog.
Trog was extremely pleased with you.
You were not hungry.

You visited 1 branch

Inventory:

Hand Weapons
 a - a +2 war axe of chopping (weapon)
 s - the +8 battleaxe of Trog's Esteem {venom, *Noise rElec Int+4, unknown}
   (Trog gifted it to you in the Dungeon)

   It poisons the flesh of those it strikes.
   It affects your intelligence (+4).
   It insulates you from electricity.
   It may make noises in combat.
Missiles
 p - 8 needles of sleeping
 q - 5 poisoned javelins (quivered)
 w - 5 needles of confusion
 D - 8 javelins of returning
Armour
 u - a +0 pair of boots (worn)
 v - a +0 pair of gloves (worn)
Jewellery
 i - a +3 ring of evasion (left hand)
 r - a +3 ring of evasion (right hand)
Scrolls
 h - a scroll of blinking
 k - 3 scrolls of remove curse
 l - a scroll of summoning
Potions
 c - 9 potions of curing
 d - 7 potions of heal wounds
 e - 2 potions of haste
 f - 4 potions of magic
 g - 3 potions of berserk rage
 j - 2 potions of invisibility
 o - a potion of flight {unknown}
 t - a potion of resistance
Comestibles
 b - 8 bread rations
 m - 28 fruits
 n - 7 meat rations


   Skills:
 * Level 15.0 Fighting
 * Level 13.9 Axes
 + Level 9.3 Throwing
 - Level 9.8 Dodging


You had 9 spell levels left.
You didn't know any spells.

Dungeon Overview and Level Annotations

Branches:
Dungeon (1/1)

Altars:
Ashenzari
Cheibriados
Dithmenos
Elyvilon
Fedhas
Gozag
Hepliaklqana
Kikubaaqudgha
Makhleb
Nemelex Xobeh
Okawaru
Qazlal
Ru
Sif Muna
Trog
Uskayaw
Vehumet
Wu Jian
Xom
Yredelemnul
Zin
The Shining One
Beogh
Jiyva
Lugonu

Annotations:
D Harold


Innate Abilities, Weirdness & Mutations

You can breathe blasts of noxious fumes.
Your lurid green scales are hard. (AC +7)
You cannot fit into any form of body armour.
Your system is resistant to poisons. (rPois)
You are cold-blooded and may be slowed by cold attacks.
Scrolls take you a little longer to read.
You are clumsy. (Dex -2)
Your flesh is cold resistant. (rC+)
You are covered in fur. (AC +1)


Message History

Press: ? - help, Shift-Dir - straight line, f - Harold
Aim: Harold, wielding a hand axe and wearing a ring mail You exhale a blast of noxious fumes.
The wind drake deflects the blast of choking fumes!
The blast of choking fumes hits Harold.
The wind drake is engulfed in noxious fumes.
The wind drake exhales a fierce blast of wind!
Harold is engulfed in noxious fumes.
Harold appears confused.
The wind drake is engulfed in noxious fumes.
The wind drake appears confused.
You see here a short sword.
The wind drake seems less confused.
Harold seems less confused.
The wind drake flaps its wings at you. The air twists around and strikes you!
* * * LOW HITPOINT WARNING * * *
You see here a short sword.
You feel yourself speed up. Harold gestures at you while chanting.
The bolt of fire hits you!
You die...

....##..####.....#
....##...##......# ..#
######....÷......+ ..+
######...##%.....# ..#
....##..####.....##.##
..[[##..##.##...##...##
..))##..##..##.##.....#..
..))##..# #..#'#†...@k...
..))##..# #.%()@.#
######### ########


You could see Harold and a wind drake.

Vanquished Creatures
  Erolcha (D)
  An elephant (D)
  A black mamba (D)
  A spiny frog (D)
  A hornet (D)
  Grinder (D)
  A ynoxinul (D)
  A tarantella (D)
  3 vampire mosquitoes (D)
  A porcupine (D)
  A floating eye (D)
  A slave (D)
  A swamp drake (D)
  An orc warrior (D)
  An ogre (D)
  2 wolves (D)
  2 big kobolds (D)
  A bullfrog (D)
  3 orc priests (D)
  A worker ant (D)
  A mummy (D)
  2 gnolls (D)
  2 adders (D)
  An ooze (D)
  3 orcs (D)
  A giant cockroach (D)
  3 jackals (D)
  A frilled lizard (D)
  A rat (D)
41 creatures vanquished.

Vanquished Creatures (collateral kills)
  A swamp dragon (D)
  Pikel (D)
  A gargoyle (D)
  4 wolves (D)
  A giant cockroach zombie (D)
8 creatures vanquished.

Vanquished Creatures (others)
  3 slaves (D)
  A phantom (D)
  An orc priest (D)
  3 orcs (D)
8 creatures vanquished.

Grand Total: 57 creatures vanquished

Notes
Turn   | Place    | Note
-------+----------+-------------------------------------------
     0 | D        | Kidiri the Draconian Berserker began the quest for the Orb.
     0 | D        | Reached XP level 1. HP: 19/19 MP: 1/1
    30 | D        | Reached ** piety under Trog
    65 | D        | Found a bloodstained altar of Trog.
    65 | D        | Found a deep blue altar of Sif Muna.
    65 | D        | Found a viscous altar of Jiyva.
    65 | D        | Found a hazy altar of Hepliaklqana.
    65 | D        | Found an opulent altar of Gozag.
    66 | D        | Found a glowing golden altar of the Shining One.
    66 | D        | Found a glowing silver altar of Zin.
    66 | D        | Found a basalt altar of Yredelemnul.
    66 | D        | Found a shimmering altar of Xom.
    66 | D        | Found an ornate altar of the Wu Jian Council.
    66 | D        | Found a sacrificial altar of Ru.
    66 | D        | Found a stormy altar of Qazlal.
    66 | D        | Found an iron altar of Okawaru.
    66 | D        | Found a sparkling altar of Nemelex Xobeh.
    66 | D        | Found a burning altar of Makhleb.
    66 | D        | Found a blossoming altar of Fedhas.
    66 | D        | Found a white marble altar of Elyvilon.
    66 | D        | Found a shadowy altar of Dithmenos.
    66 | D        | Found a snail-covered altar of Cheibriados.
    68 | D        | Found a radiant altar of Vehumet.
    68 | D        | Found a corrupted altar of Lugonu.
    68 | D        | Found a roughly hewn altar of Beogh.
    69 | D        | Found a hide-covered altar of Uskayaw.
    69 | D        | Found an ancient bone altar of Kikubaaqudgha.
    69 | D        | Found a shattered altar of Ashenzari.
   142 | D        | Reached skill level 4 in Fighting
   142 | D        | Reached skill level 1 in Throwing
   142 | D        | Reached XP level 2. HP: 14/28 MP: 2/2
   145 | D        | Reached *** piety under Trog
   296 | D        | Reached skill level 5 in Fighting
   296 | D        | Reached XP level 3. HP: 36/36 MP: 3/3
   301 | D        | Reached skill level 5 in Axes
   305 | D        | Reached **** piety under Trog
   305 | D        | Reached XP level 4. HP: 44/44 MP: 4/4
   381 | D        | Noticed a slave
   381 | D        | Noticed a slave
   381 | D        | Noticed a slave
   381 | D        | Noticed a phantom
   382 | D        | Noticed Pikel
   384 | D        | Noticed a porcupine
   388 | D        | Killed a slave
   390 | D        | Noticed an ogre
   406 | D        | Killed Pikel
   406 | D        | Reached skill level 8 in Fighting
   406 | D        | Reached XP level 5. HP: 16/56 MP: 5/5
   406 | D        | Reached XP level 6. HP: 18/62 MP: 6/6
   410 | D        | Killed a freed slave
   416 | D        | Killed a freed slave
   512 | D        | Killed a freed slave
   619 | D        | Killed a porcupine
   619 | D        | Reached skill level 9 in Fighting
   704 | D        | Noticed an orc warrior
   709 | D        | Killed an orc warrior
   709 | D        | Reached skill level 5 in Throwing
   709 | D        | Your scales start taking on a lurid green colour.
   709 | D        | Reached XP level 7. HP: 71/71 MP: 7/7
   709 | D        | Gained mutation: Your system is resistant to poisons. (rPois) [Green Draconian growth]
   768 | D        | Noticed a black mamba
   776 | D        | Killed a black mamba
   776 | D        | Reached skill level 10 in Fighting
   779 | D        | Noticed Grinder
   784 | D        | Reached XP level 8. HP: 40/81 MP: 8/8
   785 | D        | Received a gift from Trog
   789 | D        | Reached ***** piety under Trog
   789 | D        | Reached skill level 10 in Axes
   803 | D        | Killed Grinder
   803 | D        | Received a gift from Trog
   803 | D        | Reached skill level 11 in Fighting
  1033 | D        | Noticed a gargoyle
  1040 | D        | Killed a gargoyle
  1091 | D        | Gained mutation: Your flesh is cold resistant. (rC+) [potion of mutation]
  1091 | D        | Gained mutation: Scrolls take you a little longer to read. [potion of mutation]
  1091 | D        | Gained mutation: You are covered in fur. (AC +1) [potion of mutation]
  1092 | D        | Lost mutation: Your flesh is cold resistant. (rC+) [potion of mutation]
  1092 | D        | Gained mutation: Your tail ends in a poisonous barb. [potion of mutation]
  1092 | D        | Gained mutation: Your flesh is cold resistant. (rC+) [potion of mutation]
  1092 | D        | Gained mutation: Scrolls take you longer to read. [potion of mutation]
  1092 | D        | Gained mutation: You are robust. (+10% HP) [potion of mutation]
  1093 | D        | Lost mutation: You are robust. (+10% HP) [potion of mutation]
  1093 | D        | Lost mutation: Your tail ends in a poisonous barb. [potion of mutation]
  1093 | D        | Gained mutation: You are clumsy. (Dex -2) [potion of mutation]
  1093 | D        | Gained mutation: You evolve. [potion of mutation]
  1175 | D        | Noticed Erolcha
  1182 | D        | Reached skill level 12 in Fighting
  1185 | D        | Received a gift from Trog
  1187 | D        | Killed Erolcha
  1187 | D        | Reached skill level 13 in Fighting
  1187 | D        | Reached XP level 9. HP: 58/93 MP: 9/9
  1385 | D        | Noticed a spiny frog
  1391 | D        | Killed a spiny frog
  1403 | D        | Received a gift from Trog
  1406 | D        | Received a gift from Trog
  1426 | D        | Lost mutation: Scrolls take you longer to read. [evolution]
  1426 | D        | Lost mutation: You evolve. [end of evolution]
  1452 | D        | Noticed an elephant
  1454 | D        | Reached skill level 14 in Fighting
  1455 | D        | Noticed a swamp dragon
  1458 | D        | Noticed a wind drake
  1459 | D        | Noticed Harold
  1461 | D        | Killed an elephant
  1461 | D        | Received a gift from Trog
  1461 | D        | Reached XP level 10. HP: 104/104 MP: 10/10
  1475 | D        | Killed a swamp dragon
  1476 | D        | Got a jewelled battleaxe {god gift}
  1477 | D        | Reached skill level 15 in Fighting
  1480 | D        | Received a gift from Trog
  1487 | D        | Killed from afar by Harold

Vault maps used:
D:        pitsprint

Skill      XL: |  1  2  3  4  5  6  7  8  9 10 |
---------------+-------------------------------+-----
Dodging        | 3 4 7 8 9 |  9.8
Fighting       | 4 5 8 9 10 13 14 15 | 15.0
Axes           | 4 5 8 9 12 13 | 13.9
Throwing       | 1 2 4 5 6 7 8 9 |  9.3

Action                   |  1- 3 |  4- 6 |  7- 9 | 10-12 || total
-------------------------+-------+-------+-------+-------++-------
Melee: Hand axe          |    38 |    27 |    30 |       ||    95
       Tailslap          |     3 |     4 |     8 |     1 ||    16
       War axe           |       |       |    38 |    11 ||    49
Invok: Berserk           |     1 |     3 |     5 |       ||     9
       Brothers in Arms  |       |     1 |     2 |     1 ||     4
 Abil: Breathe Noxious F |       |       |     1 |     1 ||     2
  Use: Potion            |       |       |     3 |     1 ||     4
 Stab: Confused          |       |       |     2 |       ||     2
       Distracted        |       |       |       |     1 ||     1
  Eat: Chunk             |       |     2 |     3 |       ||     5
       Fruit             |       |       |    12 |       ||    12
Armor: Skin              |     9 |     2 |     8 |     8 ||    27
Dodge: Dodged            |    32 |    14 |    39 |    54 ||   139

Table legend:
 A = Spawn XP
 B = Non-spawn XP
 C = Spawn XP percentage of total XP
 D = Spawn monster count
 E = Non-spawn monster count
 F = Spawn count percentage of total count
 G = Total turns spent on level
                    A         B        C        D         E        F      G
               +---------+---------+-------+---------+---------+-------+---------
         Total |       0 |    6792 |   0.0 |       0 |      48 |   0.0 |  1487
               +---------+---------+-------+---------+---------+-------+---------
             D |       0 |    6792 |   0.0 |       0 |      48 |   0.0 |  1487
               +---------+---------+-------+---------+---------+-------+---------
